TOP OF THE 1ST |
Vista Panthers batting - Pitching for Austin River Sharks : RHP Troy Lynn
|
Pitching: RHP Troy Lynn
|
|
Batting: LHB Bill Wilson
|
0-0: Ball 1-0: Called Strike 1-1: Swinging Strike 1-2: Fly out, F8 (Flyball, 8LS)
|
Batting: LHB Clyde Yarbrough
|
0-0: Ball 1-0: Called Strike 1-1: Foul Ball, location: 2F 1-2: Fly out, F6 (Popup, 6D)
|
Batting: RHB Jake Reeves
|
0-0: Ball 1-0: Fly out, F2 (Popup, 2LF)
|
Top of the 1st over - 0 runs, 0 hits, 0 errors, 0 left on base; Vista 0 - Austin 0 |
BOTTOM OF THE 1ST |
Austin River Sharks batting - Pitching for Vista Panthers : RHP Javier Moreno
|
Pitching: RHP Javier Moreno
|
|
Batting: RHB Tom Rowe
|
0-0: Ball 1-0: Ball 2-0: Ball 3-0: Called Strike 3-1: SINGLE (Line Drive, 4MD)
|
Batting: RHB Richard Coker
|
0-0: Fly out, F6 (Line Drive, 6)
|
Batting: RHB Edward Young
|
0-0: Ball 1-0: Ball 2-0: Swinging Strike 2-1: Called Strike 2-2: Strikes out swinging
|
Batting: LHB Enrico Vargas
|
0-0: Ball 1-0: Foul Ball, location: 2F 1-1: Called Strike 1-2: Ground out 4-3 (Groundball, 4)
|
Bottom of the 1st over - 0 runs, 1 hit, 0 errors, 1 left on base; Vista 0 - Austin 0 |
TOP OF THE 2ND |
Vista Panthers batting - Pitching for Austin River Sharks : RHP Troy Lynn
|
Batting: LHB Dante Owens
|
0-0: Swinging Strike 0-1: Foul Ball, location: 2F 0-2: Ball 1-2: SINGLE (Groundball, 6MD)
|
Batting: RHB Stephen Wilson
|
0-0: Foul Ball, location: 2F 0-1: Foul Ball, location: 2F 0-2: Ball 1-2: Ball 2-2: Foul Ball, location: 2F 2-2: Fielders Choice at 2nd, 6-4 (Groundball, 56)
|
Batting: RHB Cisco Gatán
|
0-0: Fly out, F9 (Line Drive, 9)
|
Batting: LHB Francisco Medina
|
0-0: Ball 1-0: Swinging Strike 1-1: Called Strike 1-2: Ball 2-2: Foul Ball, location: 2F 2-2: Ball 3-2: Foul Ball, location: 2F 3-2: Base on Balls Stephen Wilson to second
|
Batting: RHB Justin Burgess
|
0-0: Called Strike 0-1: Ball 1-1: Called Strike 1-2: Foul Ball, location: 2F 1-2: Ball 2-2: SINGLE (Flyball, 78S) Stephen Wilson to third Francisco Medina to second Runner from 3rd tries for Home, SAFE, no throw
|
Batting: LHB Ramiro Martínez
|
0-0: Called Strike 0-1: Ball 1-1: Ball 2-1: Foul Ball, location: 2F 2-2: Ground out 5-3 (Groundball, 56S)
|
Top of the 2nd over - 1 run, 2 hits, 0 errors, 2 left on base; Vista 1 - Austin 0 |
BOTTOM OF THE 2ND |
Austin River Sharks batting - Pitching for Vista Panthers : RHP Javier Moreno
|
Batting: RHB Tony Cruz
|
0-0: Ball 1-0: Ball 2-0: Called Strike 2-1: Foul Ball, location: 2F 2-2: SINGLE (Line Drive, 34)
|
Batting: RHB Jesús Hernández
|
0-0: Foul Ball, location: 2F 0-1: Foul Ball, location: 2F 0-2: Grounds into double play, 5-4-3 (Groundball, 5)
|
Batting: RHB Jack Bailey
|
0-0: Ball 1-0: Foul Ball, location: 2F 1-1: Ball 2-1: Foul Ball, location: 2F 2-2: Foul Ball, location: 2F 2-2: Foul Ball, location: 2F 2-2: Ball 3-2: Foul Ball, location: 2F 3-2: SINGLE (Groundball, 4MD)
|
Batting: RHB Andy Aiton
|
0-0: Called Strike 0-1: Ball 1-1: Swinging Strike 1-2: Ball 2-2: Foul Ball, location: 2F 2-2: Strikes out looking
|
Bottom of the 2nd over - 0 runs, 2 hits, 0 errors, 1 left on base; Vista 1 - Austin 0 |
TOP OF THE 3RD |
Vista Panthers batting - Pitching for Austin River Sharks : RHP Troy Lynn
|
Batting: LHB Bill Wilson
|
0-0: Called Strike 0-1: Ball 1-1: Called Strike 1-2: Foul Ball, location: 2F 1-2: Foul Ball, location: 2F 1-2: Foul Ball, location: 2F 1-2: Ball 2-2: Ground out 1-3 (Groundball, 13)
|
Batting: LHB Clyde Yarbrough
|
0-0: Foul Ball, location: 2F 0-1: Foul Ball, location: 2F 0-2: Ball 1-2: Ball 2-2: Fly out, F9 (Flyball, 9S)
|
Batting: RHB Jake Reeves
|
0-0: Ball 1-0: Fly out, F3 (Popup, 3F)
|
Top of the 3rd over - 0 runs, 0 hits, 0 errors, 0 left on base; Vista 1 - Austin 0 |
BOTTOM OF THE 3RD |
Austin River Sharks batting - Pitching for Vista Panthers : RHP Javier Moreno
|
Batting: LHB Russell Peck
|
0-0: Foul Ball, location: 2F 0-1: Ball 1-1: Ball 2-1: Ground out 6-3 (Groundball, 6D)
|
Batting: RHB Tom Rowe
|
0-0: Fly out, F8 (Line Drive, 8LM)
|
Batting: RHB Richard Coker
|
0-0: Called Strike 0-1: Foul Ball, location: 2F 0-2: Foul Ball, location: 2F 0-2: Foul Ball, location: 2F 0-2: Ball 1-2: Strikes out looking
|
Bottom of the 3rd over - 0 runs, 0 hits, 0 errors, 0 left on base; Vista 1 - Austin 0 |
TOP OF THE 4TH |
Vista Panthers batting - Pitching for Austin River Sharks : RHP Troy Lynn
|
Batting: LHB Dante Owens
|
0-0: Ball 1-0: Ball 2-0: Called Strike 2-1: Foul Ball, location: 2F 2-2: Fly out, F4 (Popup, 4M)
|
Batting: RHB Stephen Wilson
|
0-0: DOUBLE (Line Drive, 8LD)
|
Batting: RHB Cisco Gatán
|
0-0: Ball 1-0: Ball 2-0: Ball Wild Pitch! Stephen Wilson to third 3-0: Base on Balls
|
Batting: LHB Francisco Medina
|
0-0: 3-RUN HOME RUN (Flyball, 89XD), Distance : 378 ft
|
Batting: RHB Justin Burgess
|
0-0: Called Strike 0-1: DOUBLE (Line Drive, 7D)
|
Batting: LHB Ramiro Martínez
|
0-0: Ball 1-0: Ball 2-0: Ground out U3 (Groundball, 3L) Justin Burgess to third
|
Batting: LHB Bill Wilson
|
0-0: Called Strike 0-1: Called Strike 0-2: Foul Ball, location: 2F 0-2: Ball 1-2: Fly out, F9 (Flyball, 9LMF)
|
Top of the 4th over - 3 runs, 3 hits, 0 errors, 1 left on base; Vista 4 - Austin 0 |
BOTTOM OF THE 4TH |
Austin River Sharks batting - Pitching for Vista Panthers : RHP Javier Moreno
|
Batting: RHB Edward Young
|
0-0: Ball 1-0: Ball 2-0: Ball 3-0: Called Strike 3-1: Base on Balls
|
Batting: LHB Enrico Vargas
|
0-0: Ball 1-0: Fly out, F4 (Line Drive, 4)
|
Batting: RHB Tony Cruz
|
0-0: Called Strike 0-1: Ground out 6-3 (Groundball, 6S) Edward Young to second
|
Batting: RHB Jesús Hernández
|
0-0: Ball 1-0: Foul Ball, location: 2F 1-1: Ball 2-1: Foul Ball, location: 2F 2-2: Ball 3-2: Strikes out swinging, 2-3 out at first.
|
Bottom of the 4th over - 0 runs, 0 hits, 0 errors, 1 left on base; Vista 4 - Austin 0 |
TOP OF THE 5TH |
Vista Panthers batting - Pitching for Austin River Sharks : RHP Troy Lynn
|
Batting: LHB Clyde Yarbrough
|
0-0: Ball 1-0: Foul Ball, location: 2F 1-1: Swinging Strike 1-2: Ball 2-2: Ground out 1-3 (Groundball, 13S)
|
Batting: RHB Jake Reeves
|
0-0: Called Strike 0-1: Foul Ball, location: 2F 0-2: Ball 1-2: SINGLE (Line Drive, 78M)
|
Batting: LHB Dante Owens
|
0-0: Foul Ball, location: 2F 0-1: Fielders Choice at 2nd, 4-6 (Groundball, 34D)
|
Batting: RHB Stephen Wilson
|
0-0: Ball 1-0: Ball 2-0: Called Strike 2-1: Called Strike 2-2: SINGLE (Groundball, 56S) (infield hit) Dante Owens to second
|
Batting: RHB Cisco Gatán
|
0-0: Ball 1-0: DOUBLE (Flyball, 89XD) Dante Owens scores Stephen Wilson to third Runner from 3rd tries for Home, SAFE, no throw
|
Batting: LHB Francisco Medina
|
0-0: Fly out, F9 (Flyball, 9LS)
|
Top of the 5th over - 2 runs, 3 hits, 0 errors, 1 left on base; Vista 6 - Austin 0 |
BOTTOM OF THE 5TH |
Austin River Sharks batting - Pitching for Vista Panthers : RHP Javier Moreno
|
Batting: RHB Jack Bailey
|
0-0: Ball 1-0: Single, Error in OF, E9, batter to second base
|
Batting: RHB Andy Aiton
|
0-0: Ball 1-0: Called Strike 1-1: Ground out 4-3 (Groundball, 4) Jack Bailey to third
|
Batting: LHB Russell Peck
|
0-0: Called Strike 0-1: Ball 1-1: Ball 2-1: DOUBLE (Line Drive, 9D) Jack Bailey scores
|
Batting: RHB Tom Rowe
|
0-0: Called Strike 0-1: Fly out, F9 (Flyball, 89M)
|
Batting: RHB Richard Coker
|
0-0: Called Strike 0-1: Ball 1-1: Ball Wild Pitch! Russell Peck to third 2-1: Foul Ball, location: 2F 2-2: Foul Ball, location: 2F 2-2: Foul Ball, location: 2F 2-2: Foul Ball, location: 2F 2-2: Ball 3-2: Foul Ball, location: 2F 3-2: Base on Balls
|
Batting: RHB Edward Young
|
0-0: Ball 1-0: Swinging Strike 1-1: Ball 2-1: SINGLE (Groundball, 6D) Russell Peck scores Richard Coker to second
|
Batting: LHB Enrico Vargas
|
0-0: Ball 1-0: Foul Ball, location: 2F 1-1: Swinging Strike 1-2: Foul Ball, location: 2F 1-2: Ground out 1-3 (Groundball, 13S)
|
Bottom of the 5th over - 2 runs, 3 hits, 1 error, 2 left on base; Vista 6 - Austin 2 |
TOP OF THE 6TH |
Vista Panthers batting - Pitching for Austin River Sharks : RHP Troy Lynn
|
Pitching: RHP Luis Trujillo
|
|
Batting: RHB Justin Burgess
|
0-0: Called Strike 0-1: Called Strike 0-2: Ball 1-2: Ball 2-2: Ball 3-2: Strikes out looking
|
Batting: LHB Ramiro Martínez
|
0-0: Ball 1-0: Swinging Strike 1-1: Ball 2-1: Ball 3-1: Foul Ball, location: 2F 3-2: Base on Balls
|
Batting: LHB Bill Wilson
|
0-0: Ball 1-0: Foul Ball, location: 2F 1-1: Ball 2-1: Ball 3-1: Base on Balls Ramiro Martínez to second
|
Batting: LHB Clyde Yarbrough
|
0-0: Called Strike 0-1: Fielders Choice at 2nd, 6-4 (Groundball, 6M) Ramiro Martínez to third
|
Batting: RHB Jake Reeves
|
0-0: Ball 1-0: Ball 2-0: Called Strike 2-1: Called Strike 2-2: Strikes out looking
|
Top of the 6th over - 0 runs, 0 hits, 0 errors, 2 left on base; Vista 6 - Austin 2 |
BOTTOM OF THE 6TH |
Austin River Sharks batting - Pitching for Vista Panthers : RHP Javier Moreno
|
Pitching: RHP José Ruíz
|
|
Batting: RHB Tony Cruz
|
0-0: Foul Ball, location: 2F 0-1: Fly out, F9 (Line Drive, 9S)
|
Batting: RHB Jesús Hernández
|
0-0: Ball 1-0: Ball 2-0: Swinging Strike 2-1: Called Strike 2-2: SOLO HOME RUN (Flyball, 78XD), Distance : 416 ft
|
Batting: RHB Jack Bailey
|
0-0: Called Strike 0-1: Ball 1-1: SINGLE (Line Drive, 6MD)
|
Batting: RHB Andy Aiton
|
0-0: Ball 1-0: Ball 2-0: Ball 3-0: Base on Balls Jack Bailey to second
|
Batting: LHB Russell Peck
|
0-0: Ball 1-0: 3-RUN HOME RUN (Flyball, 9D), Distance : 394 ft
|
Pitching: RHP José Betancourt
|
|
Batting: RHB Tom Rowe
|
0-0: SINGLE (Line Drive, 9S)
|
Batting: RHB Richard Coker
|
0-0: Called Strike 0-1: Swinging Strike 0-2: Ball 1-2: Foul Ball, location: 2F 1-2: Strikes out swinging
|
Batting: RHB Edward Young
|
0-0: Ball 1-0: Foul Ball, location: 2F 1-1: Called Strike 1-2: Foul Ball, location: 2F 1-2: Strikes out swinging
|
Bottom of the 6th over - 4 runs, 4 hits, 0 errors, 1 left on base; Vista 6 - Austin 6 |
TOP OF THE 7TH |
Vista Panthers batting - Pitching for Austin River Sharks : RHP Luis Trujillo
|
Pitching: LHP Manuel Gil
|
|
Batting: LHB Dante Owens
|
0-0: Called Strike 0-1: Ball 1-1: Ball 2-1: Foul Ball, location: 2F 2-2: DOUBLE (Flyball, 78XD) - OUT at third base trying to stretch hit.
|
Pitching: RHP Lorenzo Montáńez
|
|
Batting: RHB Stephen Wilson
|
0-0: Foul Ball, location: 2F 0-1: Foul Ball, location: 2F 0-2: Ball 1-2: SINGLE (Line Drive, 7S)
|
Batting: RHB Cisco Gatán
|
0-0: Called Strike 0-1: Ball 1-1: Grounds into double play, 6-4-3 (Groundball, 6)
|
Top of the 7th over - 0 runs, 2 hits, 0 errors, 0 left on base; Vista 6 - Austin 6 |
BOTTOM OF THE 7TH |
Austin River Sharks batting - Pitching for Vista Panthers : RHP José Betancourt
|
Pitching: LHP António Martínez
|
|
Batting: LHB Enrico Vargas
|
0-0: Ball 1-0: SINGLE (Line Drive, 89M)
|
Pitching: RHP Bobby Booker
|
|
Pinch Hitting: LHB Fred Abrams
|
0-0: Ball 1-0: SINGLE (Groundball, 4D) Enrico Vargas to second Runner from 2nd tries for 3rd, SAFE, no throw
|
Batting: RHB Jesús Hernández
|
0-0: Ball 1-0: SINGLE (Groundball, 4M) Enrico Vargas scores Fred Abrams to second Runner from 2nd tries for 3rd, SAFE, no throw
|
Batting: RHB Jack Bailey
|
0-0: Ball 1-0: Ground out U3 (Groundball, 3L) Jesús Hernández to second
|
Pinch Hitting: LHB José Lińares
|
0-0: Intentional Walk
|
Batting: LHB Russell Peck
|
0-0: Foul Ball, location: 2F 0-1: Reached on error, E4 (Groundball, 34) Fred Abrams scores Jesús Hernández to third José Lińares to second
|
Batting: RHB Tom Rowe
|
0-0: Called Strike 0-1: Called Strike 0-2: Ball 1-2: Fly out, F3 (Line Drive, 3)
|
Batting: RHB Richard Coker
|
0-0: Ball 1-0: Ball 2-0: Ball 3-0: Base on Balls Jesús Hernández scores José Lińares to third Russell Peck to second
|
Batting: RHB Edward Young
|
0-0: Ball 1-0: Ball 2-0: Ball 3-0: Called Strike 3-1: Called Strike 3-2: Base on Balls José Lińares scores Russell Peck to third Richard Coker to second
|
Pitching: LHP Martin Lowry
|
|
Batting: LHB Enrico Vargas
|
0-0: Called Strike 0-1: Called Strike 0-2: Ball 1-2: Foul Ball, location: 2F 1-2: Fly out, F7 (Flyball, 7S)
|
Bottom of the 7th over - 4 runs, 3 hits, 1 error, 3 left on base; Vista 6 - Austin 10 |
TOP OF THE 8TH |
Vista Panthers batting - Pitching for Austin River Sharks : RHP Lorenzo Montáńez
|
Now at 1B: José Lińares
|
|
Now at 2B: Freddy Herrera
|
|
Batting: LHB Francisco Medina
|
0-0: Foul Ball, location: 2F 0-1: Fly out, F9 (Flyball, 9LM)
|
Batting: RHB Justin Burgess
|
0-0: Foul Ball, location: 2F 0-1: Ball 1-1: Ball 2-1: Ball 3-1: SINGLE (Groundball, 4MD)
|
Batting: LHB Ramiro Martínez
|
0-0: Ball 1-0: Foul Ball, location: 2F 1-1: Ball 2-1: Swinging Strike 2-2: Strikes out swinging
|
Batting: LHB Bill Wilson
|
0-0: Called Strike 0-1: Fly out, F4 (Popup, 4MD)
|
Top of the 8th over - 0 runs, 1 hit, 0 errors, 1 left on base; Vista 6 - Austin 10 |
BOTTOM OF THE 8TH |
Austin River Sharks batting - Pitching for Vista Panthers : LHP Martin Lowry
|
Batting: LHB Freddy Herrera
|
0-0: Ball 1-0: Foul Ball, location: 2F 1-1: Ground out 6-3 (Groundball, 6MD)
|
Batting: RHB Jesús Hernández
|
0-0: Ball 1-0: Called Strike 1-1: Fly out, F7 (Line Drive, 7)
|
Batting: RHB Jack Bailey
|
0-0: Swinging Strike 0-1: Ground out 3-1 (Groundball, 34S)
|
Bottom of the 8th over - 0 runs, 0 hits, 0 errors, 0 left on base; Vista 6 - Austin 10 |
TOP OF THE 9TH |
Vista Panthers batting - Pitching for Austin River Sharks : RHP Lorenzo Montáńez
|
Batting: LHB Clyde Yarbrough
|
0-0: Called Strike 0-1: Fly out, F5 (Popup, 5SF)
|
Batting: RHB Jake Reeves
|
0-0: Called Strike 0-1: Fly out, F9 (Flyball, 89M)
|
Batting: LHB Dante Owens
|
0-0: Foul Ball, location: 2F 0-1: Ball 1-1: Swinging Strike 1-2: Ball 2-2: Ball 3-2: Base on Balls
|
Batting: RHB Stephen Wilson
|
0-0: Called Strike 0-1: Ball 1-1: Ground out 5-3 (Groundball, 56S)
|
Top of the 9th over - 0 runs, 0 hits, 0 errors, 1 left on base; Vista 6 - Austin 10 |
|